 Dungeon Crawl Stone Soup version 0.30.1-3-gfc49f6343a (webtiles) character file.

Game seed: 7177812697446891724

296747 McKennaii the Sorcerer (level 19, -9/154 HPs)
             Began as a Demigod Conjurer on Aug 2, 2023.
             Mangled by an emperor scorpion (17 damage)
             ... on level 4 of the Spider Nest.
             The game lasted 01:32:05 (58535 turns).

McKennaii the Sorcerer (Demigod Conjurer)          Turns: 58535, Time: 01:32:05

Health: -9/154     AC: 19    Str: 18    XL:     19   Next: 63%
Magic:  2/59       EV: 12    Int: 46    God:
Gold:   3188       SH:  0    Dex: 17    Spells: 20/60 levels left

rFire   + . .        t - staff of poison "Bip Ukuzio" {rPois Str+2 Int+4 Stlth+}
rCold   + . .        (no shield)
rNeg    + + .        H - +5 steam dragon scales
rPois   +            Q - +0 helmet {SInv}
rElec   .            V - +2 cloak {Will+}
rCorr   .            w - +0 pair of gloves
SInv    +            s - +3 pair of mountain boots {steadfast, rC+}
Will    ++...        n - macabre finger necklace {Finger+ rN+}
Stlth   ++++         S - ring of magical power
HPRegen 0.45/turn    D - ring "Hecrul" {rC+ rN+ Int+3 Dex+5}
MPRegen 0.36/turn    y - ring "Erphiuka" {Fire Int+3 Stlth+}

%: no passive effects
@: about to teleport, studying 3 skills
A: high MP 1, forlorn, divine attributes
}: 1/15 runes: decaying
a: no special abilities


You were on level 4 of the Spider Nest.
You visited 6 branches of the dungeon, and saw 33 of its levels.
You also visited: Gauntlet and Ice Cave.

You collected 5086 gold pieces.
You spent 1898 gold pieces at shops.

Inventory:

Hand Weapons
 R - a +3 scimitar of flaming
Armour
 s - the +3 pair of mountain boots (worn) {steadfast, rC+}
   (You found it in an ice cave)

   Steadfast: It prevents involuntary movement, except for blinking,
   teleportation, or banishment.
   rC:        It protects you from cold.
 w - a +0 pair of gloves (worn)
 H - +5 steam dragon scales (worn)
 L - +1 acid dragon scales
 Q - a +0 helmet of see invisible (worn)
 T - a +2 helmet of intelligence
 V - a +2 cloak of willpower (worn)
Magical Staves
 l - the staff of conjuration "Pivviq" {rC+ rN+ Str+3}
   (You found it on level 5 of the Lair of Beasts)

   [staff of conjuration]

   Base accuracy: +5 Base damage: 5 Base attack delay: 1.2 This weapon's minimum
   attack delay (0.6) is reached at skill level 12.
   Str:       It affects your strength (+3).
   rC:        It protects you from cold.
   rN:        It protects you from negative energy.
   It falls into the 'Staves' category.
   It is a one-handed weapon.
 t - the staff of poison "Bip Ukuzio" (weapon) {rPois Str+2 Int+4 Stlth+}
   (You found it on level 13 of the Dungeon)

   [staff of poison]

   Base accuracy: +5 Base damage: 5 Base attack delay: 1.2 This weapon's minimum
   attack delay (0.6) is reached at skill level 12.
   Str:       It affects your strength (+2).
   Int:       It affects your intelligence (+4).
   rPois:     It protects you from poison.
   Stlth:     It makes you more stealthy.
   It falls into the 'Staves' category.
   It is a one-handed weapon.
 G - a staff of cold
Jewellery
 a - a ring of poison resistance
 d - the amulet of Linearity {Acrobat Fly Int+3}
   (You took it off a deep elf demonologist on level 3 of the Elven Halls)

   [amulet of the acrobat]

   It increases your evasion while moving and waiting.
   Int:       It affects your intelligence (+3).
   Fly:       It grants you flight.
 k - a ring of ice
 n - the macabre finger necklace (around neck) {Finger+ rN+}
   (You took it off a deep elf annihilator on level 3 of the Elven Halls)

   [amulet of nothing]

   Finger+:   It enables you to equip an extra ring.
   rN:        It protects you from negative energy.
 o - a ring of resist corrosion
 y - the ring "Erphiuka" (on amulet) {Fire Int+3 Stlth+}
   (You found it on level 1 of the Orcish Mines)

   [ring of fire]

   It enhances your fire magic.
   Int:       It affects your intelligence (+3).
   rF:        It protects you from fire.
   rC:        It makes you vulnerable to cold.
   Stlth:     It makes you more stealthy.
 D - the ring "Hecrul" (right hand) {rC+ rN+ Int+3 Dex+5}
   (You found it on level 6 of the Dungeon)

   [ring of protection from cold]

   Int:       It affects your intelligence (+3).
   Dex:       It affects your dexterity (+5).
   rC:        It protects you from cold.
   rN:        It protects you from negative energy.
 S - a ring of magical power (left hand)
 W - a ring of willpower
Wands
 e - a wand of paralysis (57)
 r - a wand of acid (18)
 A - a wand of flame (46)
 C - a wand of digging (13)
 F - a wand of mindburst (43)
 K - a wand of polymorph (9)
 P - a wand of iceblast (30)
Scrolls
 c - 2 scrolls of fear
 f - 6 scrolls of poison
 g - 12 scrolls of teleportation
 h - 4 scrolls of blinking
 m - 10 scrolls of magic mapping
 p - a scroll of enchant armour
 x - 7 scrolls of amnesia
 z - 3 scrolls of summoning
 E - 7 scrolls of immolation
 I - a scroll of acquirement
 J - 5 scrolls of fog
 X - a scroll of silence
Potions
 b - 4 potions of magic
 i - 2 potions of invisibility
 j - 20 potions of curing
 q - 12 potions of heal wounds
 u - 10 potions of mutation
 v - 8 potions of brilliance
 B - 10 potions of berserk rage
 M - 4 potions of resistance
 N - 6 potions of cancellation
 O - 8 potions of might
 U - 2 potions of haste
 Y - 2 potions of ambrosia
 Z - 2 potions of flight


   Skills:
 - Level 10.0 Fighting
 - Level 1.7 Dodging
 - Level 1.7 Stealth
 + Level 21.4 Spellcasting
 - Level 10.0 Conjurations
 + Level 20.0 Ice Magic


You had 20 spell levels left.
You knew the following spells:

 Your Spells              Type           Power      Damage    Failure   Level
a - Magic Dart            Conj           100%       1d8       0%          1
b - Searing Ray           Conj           100%       2d8       0%          2
c - Iskenderun's Mystic   Conj/Tloc      76%        2d15      1%          4
d - Fireball              Conj/Fire      48%        3d19      1%          5
e - Orb of Destruction    Conj           48%        9d13      4%          7
f - Freezing Cloud        Conj/Ice/Air   48%        6-21      1%          5
g - Polar Vortex          Ice            62%        N/A       10%         9
r - Ozocubu's Refrigerat  Ice            62%        4d21      1%          7

Your spell library contained the following spells:

 Spells                   Type           Power      Damage    Failure   Level
 Ozocubu's Armour         Ice            100%       N/A       0%          3
 Apportation              Tloc           98%        N/A       1%          1
 Beastly Appendage        Tmut           98%        N/A       1%          1
 Foxfire                  Conj/Fire      100%       2x1d9     1%          1
 Kiss of Death            Conj/Necr      100%       2d13      1%          1
 Necrotise                Necr           100%       1d9       1%          1
 Sandblast                Erth           98%        2d20      1%          1
 Shock                    Conj/Air       100%       1d9       1%          1
 Summon Small Mammal      Summ           100%       N/A       1%          1
 Blink                    Tloc           98%        N/A       1%          2
 Cigotuvi's Dreadful Rot  Necr/Pois/Air  100%       N/A       1%          2
 Momentum Strike          Conj/Tloc      100%       3d10      1%          2
 Passwall                 Tmut/Erth      40%        N/A       1%          2
 Poisonous Vapours        Pois/Air       100%       N/A       1%          2
 Scorch                   Fire           100%       2d9       1%          2
 Sublimation of Blood     Necr           49%        N/A       1%          2
 Wereblood                Tmut           49%        N/A       1%          2
 Call Canine Familiar     Summ           49%        N/A       1%          3
 Confusing Touch          Hex            49%        N/A       1%          3
 Dazzling Flash           Conj/Hex       100%       N/A       1%          3
 Gell's Gravitas          Tloc           49%        N/A       1%          3
 Ignite Poison            Fire/Tmut/Pois 84%        N/A       1%          3
 Mephitic Cloud           Conj/Pois/Air  88%        N/A       1%          3
 Portal Projectile        Hex/Tloc       98%        N/A       1%          3
 Spider Form              Tmut/Pois      65%        N/A       1%          3
 Stone Arrow              Conj/Erth      100%       3d13      1%          3
 Summon Guardian Golem    Hex/Summ       49%        N/A       1%          3
 Swiftness                Air            49%        N/A       1%          3
 Tukima's Dance           Hex            49%        N/A       1%          3
 Volatile Blastmotes      Fire/Tloc      100%       2d18      1%          3
 Flame Wave               Conj/Fire      97%        2d20      1%          4
 Fulminant Prism          Conj/Hex       38%        3d18      1%          4
 Summon Ice Beast         Ice/Summ       96%        N/A       1%          4
 Iskenderun's Battlesphe  Conj           96%        2d14      1%          5
 Simulacrum               Ice/Necr       48%        N/A       1%          6
 Airstrike                Air            24%        2d(4-20)  3%          4
 Animate Dead             Necr           49%        N/A       3%          4
 Cause Fear               Hex            24%        N/A       3%          4
 Dispel Undead            Necr           49%        3d18      3%          4
 Leda's Liquefaction      Hex/Erth       24%        N/A       3%          4
 Manifold Assault         Tloc           49%        N/A       3%          4
 Passage of Golubria      Tloc           49%        N/A       3%          4
 Conjure Ball Lightning   Conj/Air       38%        3x3d12    7%          6
 Starburst                Conj/Fire      48%        6d13      7%          6
 Blade Hands              Tmut           24%        N/A       10%         5
 Lee's Rapid Deconstruct  Erth           24%        3d13*     10%         5
 Silence                  Hex/Air        24%        N/A       10%         5
 Summon Forest            Summ/Tloc      24%        N/A       10%         5
 Summon Mana Viper        Hex/Summ       49%        N/A       10%         5
 Spellforged Servitor     Conj/Summ      38%        N/A       36%         7
 Death Channel            Necr           24%        N/A       50%         6
 Statue Form              Tmut/Erth      32%        N/A       50%         6
 Summon Cactus Giant      Summ           24%        N/A       50%         6
 Haunt                    Necr/Summ      24%        N/A       97%         7
 Monstrous Menagerie      Summ           24%        N/A       97%         7
 Storm Form               Tmut/Air       24%        N/A       97%         7
 Summon Hydra             Summ           24%        N/A       97%         7
 Lehudib's Crystal Spear  Conj/Erth      38%        10d9      97%         8
 Disjunction              Tloc           24%        N/A       100%        8
 Infestation              Necr           24%        N/A       100%        8
 Summon Horrible Things   Summ           24%        N/A       100%        8
 Chain Lightning          Conj/Air       38%        3d50      100%        9
 Dragon's Call            Summ           24%        N/A       100%        9


Dungeon Overview and Level Annotations

Branches:
Dungeon (15/15)            Temple (0/1) D:5            Lair (5/5) D:10
  Swamp (4/4) Lair:3       Spider (4/4) Lair:3        Slime (0/5) Lair:4
    Orc (2/2) D:12            Elf (3/3) Orc:2        Vaults (0/5) D:13
 Depths (0/4) D:15          IceCv (visited)         Gauntlet (visited)

Shops:
D:3 (   D:11 **   D:15 (   Orc:2 [=(   Elf:1 (   Elf:3 !

Portals:
Trove: D:11 (give 2 scrolls of acquirement)

Annotations:
Elf:1 1 runed translucent door


Innate Abilities, Weirdness & Mutations

You have an increased reservoir of magic. (+10% MP)
You shall have no god before yourself.
Your divine heritage dramatically boosts your attributes as you level up.


Message History

The culicivora is engulfed in freezing vapours.
The culicivora dies!
A freezing mist starts to gather...
The broodmother summons spiders!
The emperor scorpion stings you!
* * * LOW HITPOINT WARNING * * *
You are lethally poisoned!
The emperor scorpion poisons you! The emperor scorpion claws you.
* * * LOW HITPOINT WARNING * * *
The emperor scorpion claws you but does no damage.
The redback simulacrum bites you but does no damage.
The redback bites you.
* * * LOW HITPOINT WARNING * * *
A culicivora simulacrum comes into view.
Unknown command.
Unknown command.
You feel better. The emperor scorpion stings you.
* * * LOW HITPOINT WARNING * * *
The emperor scorpion claws you.
* * * LOW HITPOINT WARNING * * *
The emperor scorpion claws you.
* * * LOW HITPOINT WARNING * * *
The redback simulacrum closely misses you.
The emperor scorpion stings you but does no damage.
The emperor scorpion claws you but does no damage. x2
The redback misses you. The emperor scorpion stings you!
* * * LOW HITPOINT WARNING * * *
You are lethally poisoned!
The emperor scorpion poisons you!
The emperor scorpion claws you but does no damage. x2
The tarantella is engulfed in freezing vapours.
Unknown command.
You feel better. The redback bites you!
* * * LOW HITPOINT WARNING * * *
The wolf spider is engulfed in freezing vapours.
The redback simulacrum bites you.
* * * LOW HITPOINT WARNING * * *
The redback simulacrum freezes you! You resist.
* * * LOW HITPOINT WARNING * * *
The emperor scorpion stings you!
You die...

#.#...^
#^#.~..### #
#...^..
.#...§§~##.##
#.^.†##
....§§..#^.^
###^.^#
###.†.§§....^#
##...
#.##..†Z§Z#...
#.†.. #.^#
.ssss....
##^.†
#^.###ssZs...#
##..
##....Z@s.#
#####[
##........##
##.####
##.....#.###
#......
##..##.####
##....^
#...^.....#
#.....#
###......##
##..^##
###.#...#
#.†###
#^..#...##
####...##
#........##
#..#....##


You could see a broodmother (soul bound), 2 emperor scorpions, a wolf spider
(summoned), 2 tarantellas, 2 redbacks, 2 redback simulacra and 2 culicivora
simulacra.

Vanquished Creatures
  A tentacled monstrosity (Swamp:4)
  4 deep elf blademasters (Elf:3)
  A deep elf master archer (Elf:3)
  Agnes (Spider:1)
  4 ghost moths
  2 emperor scorpions
  6 deep elf sorcerers
  An orc warlord (Orc:1)
  4 deep elf elementalists (Elf:3)
  3 very ugly things (Swamp:4)
  3 broodmothers
  4 deep elf demonologists (Elf:3)
  5 eleionomae
  7 deep elf annihilators
  A minotaur (Gauntlet)
  A spark wasp (Spider:1)
  4 bunyips
  An ettin (D:15)
  2 blizzard demons (IceCv)
  6 deep elf death magi
  2 green deaths (Swamp:4)
  The ghost of zen1337 the Devastator, a journeyman DsCj of Vehumet (Orc:1)
  Josephine (D:11)
  A mummy priest (Elf:3)
  4 deep elf high priests (Elf:3)
  4 entropy weavers
  4 vault guards (D:13)
  21 hydras
  Erolcha (D:11)
  3 ogre magi
  A ghost crab (Swamp:2)
  2 jorogumos
  2 radroaches (Spider:1)
  A catoblepas (Lair:5)
  2 centaur warriors
  Erica (D:10)
  8 death yaks (Lair:5)
  6 alligators
  11 two-headed ogres
  27 dancing weapons
  7 boulder beetles
  4 tengu warriors
  A deep troll shaman (Lair:5)
  2 orc high priests (Elf:3)
  A thrashing horror (Swamp:4)
  A hell knight (D:15)
  11 deep elf knights
  Sonja (D:10)
  6 pharaoh ants
  A shadow wraith (D:14)
  A sun moth (Spider:4)
  7 goliath frogs
  A death drake (Swamp:4)
  15 spriggan simulacra
  A spriggan druid (Swamp:4)
  15 deep elf archers
  3 deep trolls
  6 orb spiders
  2 shadow demons (Elf:3)
  7 bog bodies
  An obsidian statue (IceCv)
  A harpy (shapeshifter) (D:15)
  5 swamp dragons (Swamp:4)
  3 orc knights
  29 deep elf pyromancers
  24 deep elf zephyrmancers
  4 steelbarb worms
  10 wolf spiders
  19 ugly things
  An oklob plant (Lair:2)
  3 necromancers
  A wolf spider (shapeshifter) (D:13)
  4 manticores
  A shining eye (Gauntlet)
  4 will-o-the-wisps (Swamp:3)
  7 orc sorcerers
  A moth of wrath (Spider:4)
  8 cyclopes
  8 black mambas
  Joseph (Lair:1)
  7 elephants
  A gargoyle (D:11)
  3 demonic crawlers
  5 torpor snails
  An unseen horror (D:11)
  Psyche (D:9)
  14 cane toads
  2 kobold demonologists (Elf:3)
  Maggie (D:8)
  3 rime drakes
  4 orange demons (Swamp:4)
  A hellion (Gauntlet)
  A tengu conjurer (D:15)
  2 efreet (D:13)
  7 ice devils (IceCv)
  9 komodo dragons
  2 golden dragon simulacra (IceCv)
  4 freezing wraiths
  14 trolls
  2 trolls (shapeshifter)
  6 meliai
  2 bloated husks
  8 tyrant leeches
  Grinder (D:5)
  22 tarantellas
  5 hornets
  3 polar bears
  A hornet (shapeshifter) (Elf:1)
  3 blink frogs (Lair:5)
  11 dream sheep
  16 slime creatures
  Sigmund (D:2)
  2 air elementals
  A slime creature (shapeshifter) (D:13)
  16 culicivoras
  A centaur simulacrum (D:15)
  21 jumping spiders
  4 wyverns
  A vampire (D:11)
  4 spriggans
  4 water elementals
  5 wraiths
  A human (shapeshifter) (D:15)
  47 yaks
  2 shadows
  10 basilisks
  Grum (D:11)
  2 large abominations (Elf:1)
  39 redbacks
  8 fire elementals
  15 vampire mosquitoes
  14 minotaur simulacra
  4 steam dragons
  24 swamp worms
  A warg (Orc:1)
  A floating eye (Gauntlet)
  A hell hound (Gauntlet)
  16 water moccasins
  A swamp drake (Swamp:1)
  25 orc warriors
  9 black bears
  2 ice beasts
  2 black bears (shapeshifter)
  4 ettin simulacra (IceCv)
  4 alligator simulacra
  A tengu (shapeshifter) (D:13)
  25 ogres
  5 boggarts
  20 wolves
  4 centaurs
  3 kobold brigands
  4 phantoms
  5 elf zombies (Elf:1)
  12 bullfrogs
  4 deep troll simulacra
  3 gnoll sergeants
  A scorpion (D:4)
  3 earth elementals
  9 wights
  20 killer bees
  2 lindwurm simulacra
  7 electric eels
  4 howler monkeys
  2 vampire bats (D:15)
  A crimson imp (D:8)
  7 jellies
  9 orc priests
  2 gnoll boudas
  30 orc wizards
  11 hell rats
  5 iguanas
  21 gnolls
  3 adders
  A white imp (D:8)
  2 ufetubi (D:5)
  2 worms
  2 dart slugs
  74 orcs
  2 bat skeletons (D:15)
  3 bat zombies (D:15)
  10 endoplasms
  2 giant cockroaches
  6 goblins
  6 hobgoblins
  17 kobolds
  2 quokkas
  8 ball pythons
  7 bats
  3 frilled lizards (D:1)
  A rat (D:1)
1218 creatures vanquished.

Vanquished Creatures (others)
  A culicivora (Spider:4)
  A golden eye (shapeshifter) (D:13)
  6 foxfires (Swamp:3)
8 creatures vanquished.

Grand Total: 1226 creatures vanquished

Notes
Turn   | Place    | Note
-------+----------+-------------------------------------------
     0 | D:1      | McKennaii the Demigod Conjurer began the quest for the Orb.
     0 | D:1      | Reached XP level 1. HP: 14/14 MP: 5/5
   142 | D:1      | Reached skill level 2 in Spellcasting
   259 | D:1      | Reached XP level 2. HP: 20/20 MP: 4/7
   493 | D:1      | Learned a level 2 spell: Searing Ray
  1013 | D:2      | Reached XP level 3. HP: 26/26 MP: 6/9
  1613 | D:2      | Noticed Sigmund
  1668 | D:2      | Killed Sigmund
  1669 | D:2      | Reached skill level 3 in Spellcasting
  1669 | D:2      | Reached skill level 5 in Conjurations
  1669 | D:2      | Reached XP level 4. HP: 33/33 MP: 3/12
  1669 | D:2      | Reached XP level 5. HP: 38/38 MP: 3/13
  1837 | D:3      | Found Bemp's Weapon Boutique.
  2220 | D:3      | Found the +9 sword of Zonguldrok {reap}
  2817 | D:4      | Reached skill level 4 in Spellcasting
  2939 | D:4      | Reached XP level 6. HP: 45/45 MP: 6/15
  3299 | D:4      | Reached XP level 7. HP: 50/50 MP: 11/17
  3360 | D:4      | Reached skill level 5 in Spellcasting
  3695 | D:5      | Entered Level 5 of the Dungeon
  3947 | D:5      | Noticed Grinder
  3955 | D:5      | Killed Grinder
  4059 | D:5      | Reached skill level 6 in Spellcasting
  4065 | D:5      | Learned a level 4 spell: Iskenderun's Mystic Blast
  4073 | D:5      | Learned a level 7 spell: Ozocubu's Refrigeration
  4119 | D:5      | Reached XP level 8. HP: 57/57 MP: 13/20
  4501 | D:5      | Found a staircase to the Ecumenical Temple.
  5180 | D:6      | Reached skill level 7 in Spellcasting
  5419 | D:6      | Identified the ring "Hecrul" {rC+ rN+ Int+3 Dex+5}
  6150 | D:7      | Learned a level 5 spell: Freezing Cloud
  6196 | D:7      | Reached XP level 9. HP: 62/62 MP: 16/24
  6251 | D:7      | Reached skill level 1 in Ice Magic
  7021 | D:7      | Reached skill level 8 in Spellcasting
  8638 | D:8      | Noticed Maggie
  8650 | D:8      | Killed Maggie
  9007 | D:8      | Reached XP level 10. HP: 40/69 MP: 13/26
  9303 | D:9      | Reached skill level 10 in Conjurations
  9516 | D:9      | Reached skill level 5 in Ice Magic
  9517 | D:9      | Reached skill level 9 in Spellcasting
 10637 | D:10     | Entered Level 10 of the Dungeon
 10870 | D:10     | Noticed an elephant
 10977 | D:10     | Killed an elephant
 11103 | D:10     | Noticed Erica
 11110 | D:10     | Killed Erica
 11185 | D:10     | Got the Vellum of Ashes and the Blink Frog
 11219 | D:10     | Found a staircase to the Lair.
 11222 | D:10     | Noticed Sonja
 11344 | D:10     | Killed Sonja
 11345 | D:10     | Reached skill level 10 in Spellcasting
 11444 | D:10     | Noticed Psyche
 11486 | D:9      | Killed Psyche
 11689 | D:10     | Reached XP level 11. HP: 69/74 MP: 13/29
 12288 | D:11     | Found Jutu's Elemental Accessories.
 12362 | D:11     | Bought a staff of cold for 375 gold pieces
 12602 | D:11     | Noticed a boulder beetle
 12688 | D:11     | Killed a boulder beetle
 12998 | D:11     | Noticed Grum
 13008 | D:11     | Killed Grum
 13108 | D:11     | Reached skill level 11 in Spellcasting
 13169 | D:11     | Noticed Erolcha
 13175 | D:11     | Noticed Josephine
 13349 | D:11     | Killed Erolcha
 13351 | D:11     | Killed Josephine
 13899 | D:11     | Found Xauga's Assorted Antiques.
 13909 | D:11     | Bought a bubbling silvery potion for 27 gold pieces
 14170 | D:11     | Found a portal to a secret trove of treasure.
 14526 | D:12     | Noticed a two-headed ogre
 14546 | D:12     | Killed a two-headed ogre
 14547 | D:12     | Reached skill level 10 in Ice Magic
 15021 | D:12     | Found a staircase to the Orcish Mines.
 15282 | D:12     | Noticed a two-headed ogre
 15287 | D:12     | Killed a two-headed ogre
 15288 | D:12     | Reached skill level 12 in Spellcasting
 15288 | D:12     | Reached XP level 12. HP: 81/81 MP: 19/32
 15603 | D:12     | Noticed a boulder beetle
 15616 | D:12     | Killed a boulder beetle
 16111 | D:13     | Noticed a boulder beetle
 16121 | D:13     | Killed a boulder beetle
 16296 | D:13     | Noticed a vault guard
 16392 | D:13     | Killed a vault guard
 16741 | D:13     | Noticed a vault guard
 16746 | D:13     | Killed a vault guard
 16886 | D:13     | Noticed a vault guard
 16894 | D:13     | Killed a vault guard
 16895 | D:13     | Reached skill level 13 in Spellcasting
 17101 | D:13     | Found a gate to the Vaults.
 17363 | D:13     | Noticed a boulder beetle
 17382 | D:13     | Killed a boulder beetle
 17634 | D:13     | Noticed a vault guard
 17637 | D:13     | Noticed a centaur warrior
 17637 | D:13     | Noticed a four-headed hydra
 17637 | D:13     | Noticed an eight-headed hydra
 17639 | D:13     | Noticed a four-headed hydra
 17641 | D:13     | Noticed an ogre mage
 17642 | D:13     | Killed a vault guard
 17667 | D:13     | Noticed a four-headed hydra
 17912 | D:13     | Noticed a boulder beetle
 17919 | D:13     | Killed a boulder beetle
 18418 | D:14     | Noticed an eight-headed hydra
 18423 | D:14     | Killed an eight-headed hydra
 18437 | D:14     | Reached XP level 13. HP: 35/86 MP: 17/35
 19580 | D:13     | Reached skill level 14 in Spellcasting
 19826 | D:13     | Identified the staff of poison "Bip Ukuzio" {rPois Str+2
                  | Int+4 Stlth+}
 19890 | D:13     | Identified the staff of earth "Bimoniez" {rC+}
 19940 | D:15     | Entered Level 15 of the Dungeon
 20616 | D:15     | Identified a scroll of acquirement
 21458 | D:15     | Found a staircase to the Depths.
 21504 | D:15     | Found Ikouzev's Antique Weapon Shop.
 21987 | Lair:1   | Entered Level 1 of the Lair of Beasts
 21987 | Lair:1   | Noticed Joseph
 21992 | Lair:1   | Killed Joseph
 22123 | Lair:1   | Found a gate leading to a gauntlet.
 22135 | Gauntlet | Entered a Gauntlet
 22135 | Gauntlet | Found a transporter.
 22135 | Gauntlet | Found a transporter.
 22212 | Gauntlet | Found a transporter.
 22213 | Gauntlet | Found a transporter.
 22220 | Gauntlet | Found a runed translucent door.
 22223 | Gauntlet | Found a transporter.
 22225 | Gauntlet | Found a transporter.
 22233 | Gauntlet | Found a transporter.
 22249 | Gauntlet | Found a transporter.
 22263 | Gauntlet | Found a transporter.
 22267 | Gauntlet | Found a transporter.
 22269 | Gauntlet | Found a runed translucent gate.
 22269 | Gauntlet | Found a runed translucent gate.
 22269 | Gauntlet | Found a runed translucent gate.
 22275 | Gauntlet | Found a transporter.
 22303 | Gauntlet | Found a transporter.
 22899 | Gauntlet | Learned a level 7 spell: Orb of Destruction
 22924 | Gauntlet | Noticed a minotaur
 22932 | Gauntlet | Killed a minotaur
 22933 | Gauntlet | Reached XP level 14. HP: 68/93 MP: 20/38
 22933 | Gauntlet | Found the +4 robe of Folly {Brill Will-∞ Int+8}
 23037 | Gauntlet | Got the Precepts of Unfortunate Portals
 23203 | Lair:1   | Reached skill level 15 in Spellcasting
 24118 | Lair:2   | You fall into a shaft and drop 2 floors!
 24892 | Lair:3   | Found a hole to the Spider Nest.
 26081 | Lair:2   | Reached skill level 15 in Ice Magic
 26488 | Lair:3   | Reached skill level 1 in Fighting
 27324 | Lair:3   | Found a staircase to the Swamp.
 28464 | Lair:4   | Found a staircase to the Slime Pits.
 28595 | Lair:5   | Entered Level 5 of the Lair of Beasts
 28999 | Lair:5   | Reached skill level 16 in Spellcasting
 29750 | Lair:5   | Reached skill level 5 in Fighting
 30647 | Lair:5   | Identified the +2 flail of Kipahog {heavy, rElec MP+9
                  | Int-4}
 30918 | Lair:5   | Reached XP level 15. HP: 115/115 MP: 28/40
 31448 | Lair:5   | Identified the staff of conjuration "Pivviq" {rC+ rN+
                  | Str+3}
 31820 | Orc:1    | Entered Level 1 of the Orcish Mines
 32065 | Orc:1    | Noticed zen1337's ghost (journeyman DsCj)
 32069 | Orc:1    | Found a transporter.
 32072 | Orc:1    | Found a transporter.
 32882 | Orc:1    | Killed zen1337's ghost
 32896 | Orc:1    | Identified the ring "Erphiuka" {Fire Int+3 Stlth+}
 33037 | Orc:2    | Entered Level 2 of the Orcish Mines
 33037 | Orc:2    | Found Ynuurchi's Antique Armour Emporium.
 33037 | Orc:2    | Found Tonkokur's Weapon Shoppe.
 33037 | Orc:2    | Found Qodghonim's Assorted Antiques.
 33037 | Orc:2    | Found Voxocsit's Jewellery Boutique.
 33044 | Orc:2    | Reached skill level 17 in Spellcasting
 33789 | Orc:2    | Found a staircase to the Elven Halls.
 34363 | Swamp:1  | Entered Level 1 of the Swamp
 35001 | Swamp:1  | Got Maefuluesi's Atlas of the Mesa
 35929 | Swamp:2  | Found a frozen archway.
 36004 | IceCv    | Entered an ice cave
 36128 | IceCv    | Learned a level 5 spell: Fireball
 36829 | IceCv    | Reached skill level 10 in Fighting
 36856 | IceCv    | Reached XP level 16. HP: 101/134 MP: 29/43
 37216 | IceCv    | Reached skill level 18 in Spellcasting
 37610 | IceCv    | Found the +3 pair of mountain boots {steadfast, rC+}
 37740 | IceCv    | Got the Compilation of the Wayfarer and the Brume
 38601 | Swamp:2  | Learned a level 9 spell: Polar Vortex
 39094 | Swamp:4  | Entered Level 4 of the Swamp
 41508 | Swamp:4  | Noticed a tentacled monstrosity
 42188 | Swamp:4  | Killed a tentacled monstrosity
 42405 | Swamp:4  | Reached skill level 19 in Spellcasting
 42648 | Swamp:4  | Got a decaying rune of Zot
 43012 | Elf:1    | Entered Level 1 of the Elven Halls
 43012 | Elf:1    | Found a runed translucent gate.
 43012 | Elf:1    | Found a runed translucent gate.
 43012 | Elf:1    | Found a runed translucent gate.
 43012 | Elf:1    | Found a runed translucent gate.
 43012 | Elf:1    | Found a runed translucent gate.
 43012 | Elf:1    | Found a runed translucent gate.
 43013 | Elf:1    | Found a runed translucent door.
 43069 | Elf:1    | Found a runed translucent door.
 43710 | Elf:1    | Got the Disquisition on Debased Liturgies
 43811 | Elf:1    | Paralysed by an air elemental for 1 turns
 43900 | Elf:1    | Found a runed translucent door.
 44336 | Elf:1    | Found Rouprunero's Weapon Shop.
 44727 | Elf:2    | Reached XP level 17. HP: 140/140 MP: 17/46
 45570 | Elf:2    | Found a runed translucent gate.
 45572 | Elf:2    | Found a runed translucent gate.
 45610 | Elf:2    | Found a runed translucent gate.
 47265 | Elf:3    | Entered Level 3 of the Elven Halls
 47536 | Elf:3    | Reached skill level 20 in Spellcasting
 47659 | Elf:3    | Found Eciliank's Distillery.
 47667 | Elf:3    | Bought 2 potions of curing for 102 gold pieces
 47667 | Elf:3    | Bought a potion of curing for 51 gold pieces
 47667 | Elf:3    | Bought a potion of curing for 51 gold pieces
 47667 | Elf:3    | Bought a potion of magic for 136 gold pieces
 47667 | Elf:3    | Bought a potion of haste for 170 gold pieces
 47667 | Elf:3    | Bought a potion of mutation for 136 gold pieces
 47667 | Elf:3    | Bought a potion of experience for 850 gold pieces
 47671 | Elf:3    | Reached XP level 18. HP: 147/147 MP: 48/48
 48460 | Elf:3    | Identified the amulet of Fedhas's Grace {Acrobat Dex+4
                  | SInv}
 48588 | Elf:3    | Identified the amulet "Etoxud" {RegenMP *Slow rElec Will+
                  | Slay+2}
 50672 | Elf:3    | Identified the amulet "Yruzic" {Faith Str+3 Int+3}
 50680 | Elf:3    | Reached XP level 19. HP: 154/154 MP: 35/49
 50718 | Elf:3    | Identified the +1 rapier "Ziesh" {vamp, Contam Str+6 SInv}
 50718 | Elf:3    | Identified the amulet of Linearity {Acrobat Fly Int+3}
 50805 | Elf:3    | Got Kyohag's Directory of the Familiar
 50928 | Elf:3    | Identified the +1 hand axe "Nat Jig" {flame, *Rage rF+++
                  | Will+}
 51253 | Elf:3    | Identified the +3 quarterstaff of the Fabulous God {heavy,
                  | Will+ SInv}
 51324 | Elf:3    | Got Zeqo's Vellum of Charms and Assembling
 51746 | Spider:1 | Entered Level 1 of the Spider Nest
 53498 | Spider:1 | Noticed Agnes
 53502 | Spider:1 | Killed Agnes
 54127 | Spider:2 | Reached skill level 21 in Spellcasting
 57659 | Spider:4 | Entered Level 4 of the Spider Nest
 58287 | Spider:4 | Identified the +9 trident of the Shark {drain, Will++
                  | Dex-5}
 58535 | Spider:4 | Mangled by an emperor scorpion

Illustrated notes

Levels and vault maps discovered:
D:1:      eino_arrival_water_star, layout_rooms,
          hellmonk_ecumenical_altar_crossroads
D:2:      layout_rooms, grunt_decor_fettered, lightli_corner_chamber,
          uniq_sigmund
D:3:      layout_basic, mainiacjoe_overflow_24_doors, serial_shops,
          nicolae_shop_rolling_square
D:4:      layout_rooms, abandoned_shop, chequers_garden
D:5:      layout_loops_ring, amcnicky_altar_gilded,
          minmay_temple_entry_junction, uniq_grinder
D:6:      layout_cave_pools
D:7:      layout_basic, mainiacjoe_overflow_alcove_4, dk_vineyard_1
D:8:      layout_basic, kennysheep_little_box, minmay_fire_ice_demons,
          uniq_maggie
D:9:      layout_basic, lemuel_round_altar
D:10:     layout_rooms, david_lair_generic, uniq_psyche, uniq_sonja, uniq_erica
D:11:     layout_basic, serial_shops, shop, trove_entry_hex_spiral,
          minmay_liquid_box, dk_noncrumbling_2, nicolae_elemental_shop,
          minivault_26, uniq_grum, uniq_erolcha, uniq_josephine
D:12:     layout_roguey, erik_orc_2
D:13:     layout_loops_corners, lightli_vaults_fourway_checkpoint, st_stairs_13,
          minivault_12
D:14:     layout_roguey
D:15:     hangedman_depths_entry_civil_slaughter, layout_basic, serial_shops,
          shop, grunt_ministairs_15, chequers_jeans, kennysheep_vampire_church
Lair:1:   layout_roguey, gauntlet_entry_generic, uniq_joseph
Lair:2:   nzn_winding_woodlands_medium [nzn_winding_woodlands_5x5_checkerboard,
          nzn_winding_woodlands_5x15_eye, nzn_winding_woodlands_hourglass,
          nzn_winding_woodlands_5x5_cross, nzn_winding_woodlands_center_garden,
          nzn_winding_woodlands_5x5_default, nzn_winding_woodlands_5x5_default,
          nzn_winding_woodlands_5x15_default, nzn_winding_woodlands_5x5_three],
          layout_long_grid, chequers_serial_rivers_small_b
Lair:3:   gammafunk_indiana_jones, layout_regular_city,
          palyth_hydra_swamp_entry, hellmonk_spider_entry_life_and_decay,
          gammafunk_lair_bear_cave, infiniplex_staircase_pool,
          serial_bayou_shore_a
Lair:4:   layout_long_grid, dpeg_slime_entry_enclosed, serial_bayou,
          serial_bayou_crossing, serial_bayou_pond_e, serial_bayou_ford_a,
          serial_bayou_lagoon_b, pdpol_lair_cavern_descent
Lair:5:   grunt_lair_end_beastmaster, layout_regular_city, grunt_megastairs_2
Swamp:1:  layout_falls_marsh, hangedman_swamp_ruin_wall
Swamp:2:  layout_basic_swamp, portal_ice_cave_entry_ice_simulacra,
          evilmike_swamp_ruin_rubble_1
Swamp:3:  layout_basic_swamp, serial_swamp_ruin, evilmike_swamp_ruin_house_3,
          evilmike_swamp_ruin_house_4, evilmike_swamp_ruin_house_1
Swamp:4:  swamp_vile, layout_basic_swamp
Spider:1: layout_spider_delve, uniq_agnes
Spider:2: layout_chambers, hangedman_spider_tarantella_strand
Spider:3: layout_cave_pods
Spider:4: grunt_spider_rune_circles
Orc:1:    layout_caves, gammafunk_ghost_arena, minmay_orc_barracks
Orc:2:    st_orc_open, layout_diamond_mine
Elf:1:    nicolae_elf_arrival_dilemma, layout_gridlike, serial_shops, shop,
          minmay_elf_necromancy, minivault_13
Elf:2:    nicolae_elf_blades_splatter_lattice
          [nicolae_blade_entry_diamond_columns], layout_geoelf_diagonals,
          grunt_megastairs_1
Elf:3:    minmay_elf_hall_not_hex, layout_loops_corners, serial_shops,
          nicolae_shop_tiny_statue_garden, hangedman_summoners_spam,
          grunt_megastairs_3

Skill      XL: |  1  2  3  4  5  6  7  8  9 10 11 12 13 14 15 16 17 18 19 |
---------------+----------------------------------------------------------+-----
Spellcasting   | 2 3 4 6 7 8 10 12 13 14 16 17 19 20 21 | 21.4
Conjurations   | 4 5 6 7 8 9 10 | 10.0
Ice Magic      | 4 7 10 12 14 15 16 18 20 | 20.0
Fighting       | 5 10 | 10.0
Dodging        | |  1.7
Stealth        | |  1.7

Action                     |  1- 3 |  4- 6 |  7- 9 | 10-12 | 13-15 | 16-18 | 19-21 || total
---------------------------+-------+-------+-------+-------+-------+-------+-------++-------
  Melee: Unarmed           |     6 |       |       |       |       |       |       ||     6
         Short sword       |       |       |     3 |    19 |       |       |       ||    22
         Staff             |       |       |       |       |    10 |     5 |     4 ||    19
         Punch             |       |       |       |       |     1 |       |       ||     1
   Cast: Magic Dart        |    81 |    45 |   160 |   143 |   148 |    33 |    10 ||   620
         Searing Ray       |     2 |    11 |    70 |    81 |    37 |    11 |       ||   212
         Iskenderun's Myst |       |       |    20 |   114 |   106 |    82 |    49 ||   371
         Freezing Cloud    |       |       |       |    57 |    72 |    25 |    13 ||   167
         Ozocubu's Refrige |       |       |       |       |   266 |   264 |   155 ||   685
         Orb of Destructio |       |       |       |       |     3 |    60 |    10 ||    73
         Fireball          |       |       |       |       |    35 |    36 |     2 ||    73
         Polar Vortex      |       |       |       |       |       |       |     2 ||     2
  Evoke: Wand              |       |       |     1 |     3 |     5 |     8 |     6 ||    23
    Use: Potion            |     1 |       |       |     1 |       |     1 |     2 ||     5
         Scroll            |       |       |     5 |     6 |    18 |     9 |     3 ||    41
 Armour: Robe              |    34 |     3 |    13 |       |       |       |       ||    50
         Steam dragon scal |       |       |       |    28 |    34 |    29 |    66 ||   157
  Dodge: Dodged            |    64 |    16 |    76 |   136 |    86 |    46 |    72 ||   496
